 Dungeon Crawl Stone Soup version 0.30.1-3-gfc49f6343a (webtiles) character file.

Game seed: 9059826510438898070

503 booth the Chopper (level 6, -4/49 HPs)
             Began as a Demonspawn Monk on Aug 7, 2023.
             Slain by a steam dragon (7 damage)
             ... on level 5 of the Dungeon on Aug 8, 2023.
             The game lasted 00:21:25 (3505 turns).

booth the Chopper (Demonspawn Monk)                 Turns: 3505, Time: 00:21:25

Health: -4/49      AC:  5    Str: 16    XL:     6   Next: 96%
Magic:  6/6        EV: 13    Int: 17    God:
Gold:   272        SH:  0    Dex: 13    Spells: 5/5 levels left

rFire   . . .        m - +9 war axe of the Mashing Fox {flame, Contam +Blink rElec SInv}
rCold   . . .        d - orb {light}
rNeg    + + .        q - +0 leather armour "Secwedoo" {rN++ rCorr Str+3 Dex-3}
rPois   .            (helmet restricted)
rElec   +            (no cloak)
rCorr   +            i - +1 pair of gloves
SInv    +            (no boots)
Will    .....        (no amulet)
Stlth   +            s - +4 ring of slaying
HPRegen 0.28/turn    p - +6 ring of intelligence
MPRegen 0.10/turn

%: no passive effects
@: glowing
A: antennae 1, powered by death 1
a: Evoke Blink


You were on level 5 of the Dungeon.
You visited 1 branch of the dungeon, and saw 5 of its levels.

You collected 272 gold pieces.

Inventory:

Hand Weapons
 a - a +0 hand axe
 m - the +9 war axe of the Mashing Fox (weapon) {flame, Contam +Blink rElec SInv}
   (You found it on level 3 of the Dungeon)

   rElec:     It insulates you from electricity.
   SInv:      It lets you see invisible.
   +Blink:    It lets you blink.
   Contam:    It causes magical contamination when unequipped.
Missiles
 e - 9 poisoned darts (quivered)
 h - 5 boomerangs of dispersal
Armour
 b - a +0 robe
 d - an orb of light (worn)
 i - a +1 pair of gloves (worn)
 q - the +0 leather armour "Secwedoo" (worn) {rN++ rCorr Str+3 Dex-3}
   (You found it on level 4 of the Dungeon)

   Str:       It affects your strength (+3).
   Dex:       It affects your dexterity (-3).
   rN:        It greatly protects you from negative energy.
   rCorr:     It protects you from acid and corrosion.
Jewellery
 p - a +6 ring of intelligence (right hand)
 s - a +4 ring of slaying (left hand)
Wands
 n - a wand of digging (3)
 o - a wand of paralysis (9)
 u - a wand of light (8)
Scrolls
 f - 2 scrolls of noise {unknown}
 j - a scroll of teleportation
 k - a scroll of amnesia
 l - a scroll of enchant armour
 t - a scroll of identify
Potions
 c - 2 potions of ambrosia
 g - 4 potions of curing
 r - a potion of mutation {unknown}
 v - a potion of attraction {unknown}


   Skills:
 + Level 4.3 Fighting
 * Level 4.7 Axes
 + Level 3.9 Dodging
 + Level 2.4 Stealth
 + Level 0.2 Spellcasting
 + Level 2.3 Conjurations


You had 5 spell levels left.
You didn't know any spells.
Your spell library contained the following spells:

 Spells                   Type           Power      Damage    Failure   Level
 Magic Dart               Conj           32%        1d4       11%         1
 Searing Ray              Conj           16%        2d5       17%         2
 Shock                    Conj/Air       16%        1d4       19%         1
 Freeze                   Ice            0%         1d3       28%         1
 Hailstorm                Conj/Ice       4%         3d4       47%         3
 Frozen Ramparts          Ice            0%         1d1       65%         3
 Swiftness                Air            0%         N/A       65%         3
 Volatile Blastmotes      Fire/Tloc      0%         2d10      65%         3
 Fulminant Prism          Conj/Hex       2%         3d5       87%         4
 Iskenderun's Mystic Bla  Conj/Tloc      4%         2d3       87%         4
 Airstrike                Air            0%         2d(0-16)  96%         4
 Lee's Rapid Deconstruct  Erth           0%         3d4*      100%        5


Dungeon Overview and Level Annotations

Branches:
Dungeon (5/15)
 Temple: D:4-7

Altars:


Innate Abilities, Weirdness & Mutations

You have a pair of small antennae on your head.
You regenerate a little health from kills.


Message History

Items here: )))) [ †.
u - a wand of light (8)
Items here: )))) [[ †††.
Okay, then.
Items here: )))) [ †.
Okay, then.
You pick up a book of Air and begin reading...
You add the spells Shock, Swiftness and Airstrike to your library.
Okay, then.
Found 21 gold pieces.
Found a shortbow.
Found a silvery potion.
You now have 266 gold pieces (gained 21).
You see here a +0 shortbow.
v - a silvery potion
Found 6 gold pieces.
You now have 272 gold pieces (gained 6).
Found a stone staircase leading down.
A steam dragon comes into view.
The steam dragon breathes steam at you. The ball of steam misses you.
There is a stone staircase leading down here.
You are engulfed in a cloud of scalding steam.
You are engulfed in a cloud of scalding steam.
The steam dragon breathes steam at you. The ball of steam misses you.
You barely miss the steam dragon.
You are engulfed in a cloud of scalding steam.
The steam dragon bites you. The steam dragon closely misses you.
The steam dragon misses you. The steam dragon barely misses you.
You hit the steam dragon but do no damage.
You are engulfed in a cloud of scalding steam.
* * * LOW HITPOINT WARNING * * *
The steam dragon breathes steam at you. The ball of steam hits you!
* * * LOW HITPOINT WARNING * * *
You slice the steam dragon!! You burn the steam dragon.
The steam dragon is almost dead.
The steam dragon bites you!
You die...

##.### #..... # # #..###
.#. #..# #.# #..# #.#
#..# #.# #..#
##########.## ##..#
......D@§§..######...#
#########.........#.....
###.####.###.##. #.#
#.#.# #.# #.##.# #.# #..
#.### ## ## #.# #.# #.#


You could see a steam dragon (catching breath).

Vanquished Creatures
  Duvessa (D:5)
  An ogre (D:4)
  Dowan (D:5)
  An orc priest (D:5)
  A hound (D:4)
  An orc wizard (D:4)
  4 adders
  6 river rats (D:4)
  An ufetubus (D:4)
  2 dart slugs
  12 orcs
  A bat (D:1)
  6 endoplasms
  5 giant cockroaches
  3 goblins
  7 hobgoblins
  3 jackals (D:1)
  7 kobolds
  A quokka (D:4)
  4 ball pythons
  3 frilled lizards
  17 rats
88 creatures vanquished.

Notes
Turn   | Place    | Note
-------+----------+-------------------------------------------
     0 | D:1      | booth the Demonspawn Monk began the quest for the Orb.
     0 | D:1      | Reached XP level 1. HP: 18/18 MP: 1/1
   189 | D:1      | Gained mutation: You regenerate a little health from kills.
                  | [demonic ancestry]
   189 | D:1      | Reached XP level 2. HP: 21/24 MP: 2/2
   448 | D:1      | You fall into a shaft and drop 1 floor!
  1404 | D:2      | Reached XP level 3. HP: 29/29 MP: 3/3
  2219 | D:3      | Identified the +9 war axe of the Mashing Fox {flame, Contam
                  | +Blink rElec SInv}
  2737 | D:4      | Reached skill level 1 in Stealth
  2737 | D:4      | Gained mutation: You have a pair of small antennae on your
                  | head. [demonic ancestry]
  2737 | D:4      | Reached XP level 4. HP: 34/36 MP: 4/4
  2748 | D:4      | Reached skill level 1 in Conjurations
  2844 | D:4      | Reached XP level 5. HP: 42/42 MP: 5/5
  2896 | D:4      | Identified the +0 leather armour "Secwedoo" {rN++ rCorr
                  | Str+3 Dex-3}
  2912 | D:4      | Noticed an ogre
  2922 | D:4      | Killed an ogre
  2976 | D:4      | Reached XP level 6. HP: 33/48 MP: 6/6
  3339 | D:5      | Entered Level 5 of the Dungeon
  3362 | D:5      | Noticed Duvessa
  3362 | D:5      | Noticed Dowan
  3368 | D:5      | Killed Duvessa
  3373 | D:5      | Killed Dowan
  3498 | D:5      | Noticed a steam dragon
  3505 | D:5      | Slain by a steam dragon

Illustrated notes

Levels and vault maps discovered:
D:1:      amcnicky_arrival_wind_blow, layout_basic
D:2:      layout_loops_corners
D:3:      layout_basic
D:4:      layout_rooms, kennysheep_doodads, hangedman_decor_points,
          dk_rats_in_the_wall
D:5:      layout_loops_ring, kiku_gazebo_pond_becter, uniq_duvessa

Skill      XL: |  1  2  3  4  5  6 |
---------------+-------------------+-----
Axes           | 3 4 |  4.7
Dodging        | 3 |  3.9
Stealth        | 1 2 |  2.4
Conjurations   | 1 2 |  2.3
Fighting       | 4 |  4.3
Spellcasting   | |  0.2

Action                     |  1- 3 |  4- 6 || total
---------------------------+-------+-------++-------
  Melee: Hand axe          |    77 |       ||    77
         War axe           |    14 |    64 ||    78
  Throw: Dart              |       |     8 ||     8
    Use: Scroll            |     5 |     1 ||     6
         Potion            |     2 |     1 ||     3
 Armour: Robe              |    13 |     1 ||    14
         Leather armour    |       |     9 ||     9
  Dodge: Dodged            |    67 |    33 ||   100
